AoeStats
← sergioguarin19

Golden Pit

509257442Analyzed
1v1 RM · 6d ago on Sep 26, 2026· 24m 35s· 2 players
Game mode
Random Map
Map size
Tiny (2 player)
Population
200
Speed
Normal
Resources
Standard
Victory
Conquest
Starting age
Dark Age
Ending age
Imperial Age
RankedLock teamsTeams togetherTeam positionsShared explorationLock speedFull tech treeHidden civsTurbo modeCheats
Victory
Defeat
🇪🇨 Armenians · Ecuador
1087
+17
🇨🇴 Malay · Colombia
1107
-17
Vicko Guty
8:54 Loom
10:40 Feudal Age
11:08 Man-at-Arms
14:13 Long Swordsman
24:23 Pikeman
sergioguarin19
6:43 Loom
10:20 Feudal Age
10:11 Double-Bit Axe
13:10 Fletching
15:54 Padded Archer Armor
23:50 Castle Age
Connection lost

Rejoining the realm…

Still unreachable

The connection could not be restored.

Session expired

The server has moved on; the page needs a fresh start.